 Dungeon Crawl Stone Soup version 0.26-a0-962-g9b92081034 (webtiles) character file.

Game seed: 15927185502789048756

485 Gargoyl the Skirmisher (level 7, -1/60 HPs)
             Began as a Gnoll Abyssal Knight on Dec 2, 2020.
             Was a Believer of Lugonu.
             Slain by a gnoll sergeant
             ... wielding a +1 trident of distortion
              (4 damage)
             ... on level 5 of the Dungeon.
             The game lasted 00:05:36 (4558 turns).

Gargoyl the Skirmisher (Gnoll Abyssal Knight)       Turns: 4558, Time: 00:05:36

Health: -1/60      AC:  9    Str: 16    XL:     7   Next: 13%
Magic:  10/10      EV: 31    Int: 14    God:    Lugonu [**....]
Gold:   223        SH:  0    Dex: 15    Spells: 10/10 levels left

rFire    . . .     SeeInvis .   a - +1 hand axe
rCold    . . .     Faith    .   (no shield)
rNeg     + . .     Spirit   .   c - +1 ring mail
rPois    .         Reflect  .   (no helmet)
rElec    .         Harm     .   (no cloak)
rCorr    .         Rampage  .   b - +0 pair of gloves
MR       .....                  i - +0 pair of boots
Stlth    +.........             l - amulet of the acrobat
HPRegen  0.20/turn              t - ring of positive energy
MPRegen  0.12/turn              d - +4 ring of evasion

@: acrobat
A: distributed training, fangs 1, strong nose
a: Depart the Abyss, Bend Space, Renounce Religion


You were on level 5 of the Dungeon.
You worshipped Lugonu.
Lugonu was pleased with you.
You visited 1 branch of the dungeon, and saw 5 of its levels.
You visited the Abyss 1 time.

You collected 223 gold pieces.

Inventory:

Hand Weapons
 a - a +1 hand axe (weapon)
 h - a +0 dagger of venom
Armour
 b - a +0 pair of gloves (worn)
 c - a +1 ring mail (worn)
 i - a +0 pair of boots (worn)
Jewellery
 d - a +4 ring of evasion (right hand)
 l - an amulet of the acrobat (around neck)
 t - a ring of positive energy (left hand)
Wands
 m - a wand of flame (20)
Scrolls
 e - a scroll of remove curse
 n - a scroll of fear
 o - 2 scrolls of identify
 p - 3 scrolls of teleportation
Potions
 f - 2 potions of curing
 g - a potion of might {unknown}
 j - a potion of cancellation {unknown}
 k - 3 potions of brilliance
 q - 2 potions of mutation {unknown}
 r - a potion of ambrosia {unknown}
 s - a potion of haste {unknown}
 u - a potion of invisibility {unknown}


   Skills:
 + Level 7.0 Fighting
 + Level 2.3 Short Blades
 + Level 2.3 Long Blades
 + Level 5.1 Axes
 + Level 2.3 Maces & Flails
 + Level 2.3 Polearms
 + Level 2.3 Staves
 + Level 2.3 Slings
 + Level 2.3 Bows
 + Level 2.3 Crossbows
 + Level 2.3 Throwing
 + Level 5.1 Armour
 + Level 3.5 Dodging
 + Level 2.3 Stealth
 + Level 2.3 Shields
 + Level 2.3 Unarmed Combat
 + Level 2.3 Spellcasting
 + Level 1.8 Conjurations
 + Level 1.8 Hexes
 + Level 1.8 Summonings
 + Level 1.8 Necromancy
 + Level 1.8 Translocations
 + Level 1.8 Transmutations
 + Level 1.8 Fire Magic
 + Level 1.8 Ice Magic
 + Level 1.8 Air Magic
 + Level 1.8 Earth Magic
 + Level 1.8 Poison Magic
 + Level 5.3 Invocations
 + Level 2.3 Evocations


You had 10 spell levels left.
You didn't know any spells.
Your spell library was empty.

Dungeon Overview and Level Annotations

Branches:
Dungeon (5/15)
 Temple: D:4-7

Altars:

Annotations:
D:4 2 runed translucent doors, RamboRex's ghost, novice MiBe


Innate Abilities, Weirdness & Mutations

Your experience applies equally to all skills.
You have very sharp teeth.
Your uncanny sense of smell can sniff out nearby items.


Message History

The gnoll hits you but does no damage. The gnoll sergeant misses you.
The gnoll misses you.
You hit the gnoll sergeant but do no damage.
The gnoll barely misses you.
The gnoll sergeant hits you but does no damage.
Space warps horribly around you!
Unknown command.
You hit the gnoll sergeant but do no damage.
The gnoll hits you but does no damage.
The gnoll sergeant hits you with a +1 trident of distortion.
* * * LOW HITPOINT WARNING * * *
Space bends around you.
* * * LOW HITPOINT WARNING * * *
Unknown command.
You hit the gnoll sergeant but do no damage.
The gnoll hits you but does no damage.
The gnoll sergeant hits you with a +1 trident of distortion!
* * * LOW HITPOINT WARNING * * *
Space bends around you.
You die...

#......#.............#
.....................#.
#........./............
##.###.................
#...#....##.##.........
..........g.....#.....$
. ##...##........# ..(..
..# #....g........# ...#
....#...))@.......# ...
...(..............# #.
...#...<##..####..##
##..........g...#
.....#.......#......#
#.....###......###.#....
#.###..........# .#..$.
. ............ ## ...
...........#.. ..


You could see a gnoll sergeant and a gnoll.

Vanquished Creatures
  An ogre (D:4)
  A hound (D:4)
  5 worker ants (D:4)
  8 adders
  7 gnolls
  An ooze (D:4)
  2 worms
  4 dart slugs
  9 leopard geckos
  4 orcs
  3 ball pythons
  3 giant cockroaches
  9 goblins
  4 hobgoblins
  15 kobolds
  9 bats
  4 frilled lizards
  A leopard gecko skeleton (D:4)
  A leopard gecko zombie (D:2)
  11 rats
  A bush (D:2)
103 creatures vanquished.

Vanquished Creatures (others)
  7 plants (D:2)
7 creatures vanquished.

Grand Total: 110 creatures vanquished

Notes
Turn   | Place    | Note
-------+----------+-------------------------------------------
     0 | Abyss:1  | Gargoyl the Gnoll Abyssal Knight began the quest for the
                  | Orb.
     0 | Abyss:1  | Reached XP level 1. HP: 23/23 MP: 3/3
    55 | Abyss:1  | Noticed a large abomination
   122 | Abyss:1  | Noticed a large abomination
   135 | Abyss:1  | Noticed a spatial maelstrom
   138 | Abyss:1  | Noticed a spatial vortex
   138 | D:1      | Escaped the Abyss
   256 | D:1      | Reached XP level 2. HP: 28/29 MP: 5/5
   334 | D:1      | Reached * piety under Lugonu
   579 | D:1      | Reached XP level 3. HP: 32/35 MP: 4/6
   962 | D:2      | Reached skill level 1 in Short Blades
   962 | D:2      | Reached skill level 1 in Long Blades
   962 | D:2      | Reached skill level 1 in Maces & Flails
   962 | D:2      | Reached skill level 1 in Polearms
   962 | D:2      | Reached skill level 1 in Staves
   962 | D:2      | Reached skill level 1 in Slings
   962 | D:2      | Reached skill level 1 in Bows
   962 | D:2      | Reached skill level 1 in Crossbows
   962 | D:2      | Reached skill level 1 in Throwing
   962 | D:2      | Reached skill level 1 in Stealth
   962 | D:2      | Reached skill level 1 in Shields
   962 | D:2      | Reached skill level 1 in Unarmed Combat
   962 | D:2      | Reached skill level 1 in Spellcasting
   962 | D:2      | Reached skill level 1 in Evocations
  1249 | D:2      | Reached XP level 4. HP: 41/41 MP: 7/7
  1284 | D:2      | Reached ** piety under Lugonu
  1938 | D:3      | Reached skill level 1 in Conjurations
  1938 | D:3      | Reached skill level 1 in Hexes
  1938 | D:3      | Reached skill level 1 in Summonings
  1938 | D:3      | Reached skill level 1 in Necromancy
  1938 | D:3      | Reached skill level 1 in Translocations
  1938 | D:3      | Reached skill level 1 in Transmutations
  1938 | D:3      | Reached skill level 1 in Fire Magic
  1938 | D:3      | Reached skill level 1 in Ice Magic
  1938 | D:3      | Reached skill level 1 in Air Magic
  1938 | D:3      | Reached skill level 1 in Earth Magic
  1938 | D:3      | Reached skill level 1 in Poison Magic
  2032 | D:3      | Reached XP level 5. HP: 36/47 MP: 8/8
  3118 | D:4      | Reached skill level 5 in Invocations
  3121 | D:4      | Reached XP level 6. HP: 38/53 MP: 9/9
  3366 | D:4      | Found a large runed translucent door.
  3366 | D:4      | Found a large runed translucent door.
  3368 | D:4      | Noticed RamboRex's ghost (novice MiBe)
  3537 | D:4      | Reached skill level 5 in Axes
  3537 | D:4      | Reached skill level 5 in Armour
  4295 | D:5      | Entered Level 5 of the Dungeon
  4435 | D:4      | Reached XP level 7. HP: 54/59 MP: 10/10
  4553 | D:5      | Reached skill level 7 in Fighting
  4558 | D:5      | HP: 3/60 [gnoll sergeant/+1 trident of distortion (7)]
  4558 | D:5      | Slain by a gnoll sergeant

Illustrated notes

Levels and vault maps discovered:
D:1:      scummos_arrival_simple_crosswalls, layout_loops_cross,
          minmay_tromino_v2
D:2:      layout_basic, serial_forest, infiniplex_forest_end_2,
          infiniplex_forest_lined_room_2, infiniplex_forest_end_2,
          infiniplex_forest_side_room, infiniplex_forest_lined_3,
          infiniplex_forest_straight_1, infiniplex_forest_fountain,
          kennysheep_generic_room_2
D:3:      layout_basic
D:4:      layout_loops_corners, ebering_ghost_disaster_area,
          kennysheep_crisscross
D:5:      layout_cave_pools, minmay_temple_entry_arrows, basic_altar

Skill      XL: |  1  2  3  4  5  6  7 |
---------------+----------------------+-----
Short Blades   | 1 2 |  2.3
Long Blades    | 1 2 |  2.3
Maces & Flails | 1 2 |  2.3
Polearms       | 1 2 |  2.3
Staves         | 1 2 |  2.3
Slings         | 1 2 |  2.3
Bows           | 1 2 |  2.3
Crossbows      | 1 2 |  2.3
Throwing       | 1 2 |  2.3
Stealth        | 1 2 |  2.3
Shields        | 1 2 |  2.3
Unarmed Combat | 1 2 |  2.3
Spellcasting   | 1 2 |  2.3
Evocations     | 1 2 |  2.3
Conjurations   | 1 |  1.8
Hexes          | 1 |  1.8
Summonings     | 1 |  1.8
Necromancy     | 1 |  1.8
Translocations | 1 |  1.8
Transmutations | 1 |  1.8
Fire Magic     | 1 |  1.8
Ice Magic      | 1 |  1.8
Air Magic      | 1 |  1.8
Earth Magic    | 1 |  1.8
Poison Magic   | 1 |  1.8
Dodging        | 3 |  3.5
Invocations    | 5 |  5.3
Axes           | 5 |  5.1
Armour         | 5 |  5.1
Fighting       | 7 |  7.0

Action                   |  1- 3 |  4- 6 |  7- 9 || total
-------------------------+-------+-------+-------++-------
Melee: Hand axe          |    70 |   291 |    29 ||   390
       Bite              |     7 |    51 |     4 ||    62
       Dagger            |     6 |       |       ||     6
       Punch             |       |     3 |     1 ||     4
Invok: Depart the Abyss  |     1 |       |       ||     1
  Use: Scroll            |     6 |     4 |       ||    10
 Stab: Sleeping          |     4 |     5 |       ||     9
Armor: Ring mail         |    34 |    48 |    15 ||    97
Dodge: Dodged            |    58 |   218 |    68 ||   344

Table legend: (Time is in decaauts)
 A = Elapsed time spent in this place.
 B = Non-inter-level travel time spent in this place.
 C = Inter-level travel time spent in this place.
 D = Time resting spent in this place.
 E = Time spent auto-exploring this place.
 F = Levels seen in this place.
 G = Mean time per level.
                   A        B        C        D        E       F      G
               +--------+--------+--------+--------+--------+-----+--------+
         Total |   4582 |   4488 |     94 |    496 |   2922 |   6 |  763.7 |
       Dungeon |   4444 |   4350 |     94 |    496 |   2834 |   5 |  888.8 |
         Abyss |    138 |    138 |      0 |      0 |     88 |   1 |  138.0 |
               +--------+--------+--------+--------+--------+-----+--------+

Top non-repeatable levels by time:
     D:4: 1731 daAuts
     D:2: 1168 daAuts
     D:3: 859 daAuts
     D:1: 618 daAuts
 Abyss:1: 138 daAuts
     D:5: 67 daAuts
